 Dungeon Crawl Stone Soup version 0.25.0-65-g31bcc41 (webtiles) character file.

1120 Dorkslayer the Shield-Bearer (level 8, 0/49 HPs)
             Began as a Gargoyle Fighter on Nov 8, 2020.
             Was a Priest of Okawaru.
             Slain by an ogre
             ... wielding a +0 giant club
              (3 damage)
             ... on level 1 of the Dungeon.
             The game lasted 00:02:50 (406 turns).

Dorkslayer the Shield-Bearer (Gargoyle Fighter)      Turns: 406, Time: 00:02:50

Health: 0/49       AC: 17    Str: 23    XL:     8   Next: 34%
Magic:  11/11      EV:  5    Int:  8    God:    Okawaru [***...]
Gold:   50         SH: 12    Dex:  9    Spells: 7/7 levels left

rFire    . . .     SeeInvis .   a - +0 flail
rCold    . . .     Gourm    .   c - +2 shield
rNeg     + . .     Faith    +   e - +0 plate armour
rPois    ∞         Spirit   .   (no helmet)
rElec    +         Reflect  .   (no cloak)
rCorr    .         Harm     .   (no gloves)
MR       .....                  (no boots)
Stlth    ..........             m - amulet of faith
HPRegen  0.16/turn              (no ring)
MPRegen  0.12/turn              (no ring)

@: no status effects
A: negative energy resistance 1, electricity resistance, unbreathing,
petrification resistance, rot immunity, AC +5
a: Heroism, Renounce Religion


You were on level 1 of the Dungeon.
You worshipped Okawaru.
Okawaru was most pleased with you.
You were not hungry.

You visited 1 branch of the dungeon, and saw 1 of its levels.

You collected 50 gold pieces.

Inventory:

Hand Weapons
 a - a +0 flail (weapon)
Armour
 c - a +2 shield (worn)
 e - a +0 plate armour (worn)
Jewellery
 m - an amulet of faith (around neck)
Scrolls
 d - a scroll of teleportation
 k - a scroll of remove curse
Comestibles
 f - 4 rations
 g - 4 chunks of flesh


   Skills:
 + Level 5.1 Fighting
 + Level 5.0 Maces & Flails
 + Level 5.0 Armour
 + Level 0.9 Dodging
 + Level 5.8 Shields
 * Level 4.9 Invocations


You had 7 spell levels left.
You didn't know any spells.
Your spell library was empty.

Dungeon Overview and Level Annotations

Branches:
Dungeon (1/3)              Temple (0/1) D:1

Altars:
Fedhas
Okawaru
Vehumet


Innate Abilities, Weirdness & Mutations

You are resistant to torment.
Your stone body is resilient. (AC +5)
You are immune to poison.
You resist negative energy. (rN+)
You are resistant to electric shocks. (rElec)
You can survive without breathing.
You are immune to petrification.
You are immune to rotting.


Message History

You block the ogre's attack.
You thump the ogre!
The ogre is severely wounded.
Your plate armour prevents you from hitting the ogre.
The ogre is severely wounded.
The ogre hits you but does no damage.
Your shield and plate armour prevent you from hitting the ogre.
The ogre is severely wounded.
You block the ogre's attack.
You hit the ogre.
The ogre is severely wounded.
The ogre hits you with a +0 giant club!
* * * LOW HITPOINT WARNING * * *
Your plate armour prevents you from hitting the ogre.
The ogre is severely wounded.
The ogre barely misses you.
You hit the ogre.
The ogre is almost dead.
The ogre hits you with a +0 giant club.
You die...

.#.#.....(.............#.##.....
............###.###....#.###''..
............# #.# #....#.# #.#..
............###'###....#.# #.#.#
............†)'_'...##.#.###.#.#
.........(..#######.##.......#.#
............# ### #.####.......#
..........).#######.# #########
..............O@....# #
....$......#####.#### ####
#####.###%#####...# #... #.
#....)..#..# ###... ##
#.##.##.##.# #.....
#.....o...#.# #.....
#.............# #.....
###..⌠...⌠..#.# ###(..
#.....[...#.# #...


You could see an ogre.

Vanquished Creatures
  An orc warrior (D:1)
  A scorpion (D:1)
  A crimson imp (D:1)
  An orc wizard (D:1)
  A worker ant zombie (D:1)
  2 orcs (D:1)
  A giant cockroach (D:1)
  A quokka (D:1)
  4 frilled lizards (D:1)
13 creatures vanquished.

Notes
Turn   | Place    | Note
-------+----------+-------------------------------------------
     0 | D:1      | Dorkslayer the Gargoyle Fighter began the quest for the
                  | Orb.
     0 | D:1      | Reached XP level 1. HP: 14/14 MP: 1/1
    79 | D:1      | Found an iron altar of Okawaru.
    91 | D:1      | Became a worshipper of Warmaster Okawaru
   113 | D:1      | Reached XP level 2. HP: 19/19 MP: 2/2
   205 | D:1      | Found a radiant altar of Vehumet.
   212 | D:1      | Noticed a crimson imp
   231 | D:1      | Reached XP level 3. HP: 15/24 MP: 2/4
   231 | D:1      | Reached XP level 4. HP: 18/29 MP: 2/5
   314 | D:1      | Reached * piety under Okawaru
   314 | D:1      | Reached ** piety under Okawaru
   314 | D:1      | Reached XP level 5. HP: 21/34 MP: 5/7
   314 | D:1      | Reached XP level 6. HP: 24/39 MP: 5/8
   322 | D:1      | Found a blossoming altar of Fedhas.
   338 | D:1      | Reached *** piety under Okawaru
   338 | D:1      | Reached XP level 7. HP: 40/44 MP: 9/9
   350 | D:1      | Found a staircase to the Ecumenical Temple.
   358 | D:1      | Reached skill level 5 in Shields
   376 | D:1      | Reached skill level 5 in Fighting
   376 | D:1      | Reached skill level 5 in Maces & Flails
   376 | D:1      | Reached skill level 5 in Armour
   376 | D:1      | Reached XP level 8. HP: 13/49 MP: 9/11
   404 | D:1      | HP: 2/49 [ogre/+0 giant club (12)]
   406 | D:1      | Slain by an ogre

Skill      XL: |  1  2  3  4  5  6  7 |
---------------+----------------------+-----
Invocations    | 2 3 4 |  4.9
Fighting       | 4 5 |  5.1
Maces & Flails | 3 5 |  5.0
Armour         | 4 5 |  5.0
Shields        | 4 5 |  5.8
Dodging        | |  0.9

Action                   |  1- 3 |  4- 6 |  7- 9 || total
-------------------------+-------+-------+-------++-------
Melee: Flail             |    15 |    65 |    27 ||   107
Invok: Heroism           |       |       |     1 ||     1
  Use: Scroll            |     6 |       |       ||     6
       Potion            |     1 |     5 |     1 ||     7
Armor: Scale mail        |     4 |    20 |     1 ||    25
       Plate armour      |       |       |     1 ||     1
Dodge: Dodged            |     3 |    12 |     8 ||    23
Block: Shield            |    11 |    39 |    10 ||    60
